 Dungeon Crawl Stone Soup version 0.31.0-9-g3a7656b989 (console) character file.

Game seed: 3743616044989912247

478 AlterAsc the Cudgeller (level 7, 0/57 HPs)
             Began as a Ghoul Fighter on Jan 26, 2024.
             Was a Follower of Makhleb.
             Slain by an orc wizard
             ... wielding a +0 dagger
              (2 damage)
             ... on level 4 of the Dungeon.
             The game lasted 00:06:04 (3775 turns).

AlterAsc the Cudgeller (Ghoul Fighter)              Turns: 3775, Time: 00:06:04

Health: 0/57       AC:  7    Str: 22    XL:     7   Next: 11%
Magic:  7/7        EV:  9    Int:  7    God:    Makhleb [*.....]
Gold:   225        SH:  0    Dex:  8    Spells: 6/6 levels left

rFire   . . .        a - +0 flail
rCold   + . .        c - +0 buckler
rNeg    + + +        b - +0 scale mail
rPois   ∞            (no helmet)
rElec   .            o - +0 cloak
rCorr   .            (no gloves)
SInv    .            (no boots)
Will    .....        (no amulet) Stlth
                     (no ring)
HPRegen 0.00/turn    (no ring)
MPRegen 0.10/turn

%: no passive effects
@: confused, inhibited regen
A: claws 1, cold resistance 1, negative energy resistance 3, inhibited
regeneration, torment resistance 2, devour on kill
a: Renounce Religion


You were on level 4 of the Dungeon.
You worshipped Makhleb.
Makhleb was aware of your devotion.
You visited 1 branch of the dungeon, and saw 4 of its levels.

You collected 225 gold pieces.

Inventory:

Hand Weapons
 a - a +0 flail (weapon)
 t - a +0 spear
Missiles
 p - 4 javelins (quivered)
 w - a throwing net
 y - 3 boomerangs
Armour
 b - a +0 scale mail (worn)
 c - a +0 buckler (worn)
 o - a +0 cloak (worn)
Jewellery
 j - a ring of fire
 s - a ring of protection from cold
 u - a ring of wizardry
Scrolls
 e - a scroll of silence {unknown}
 f - a scroll of amnesia {unknown}
 g - a scroll of enchant weapon {unknown}
 h - 6 scrolls of identify {unknown}
 i - 2 scrolls of poison {unknown}
 k - 2 scrolls of immolation {unknown}
 r - a scroll of fear {unknown}
 x - a scroll of enchant armour {unknown}
 A - a scroll of teleportation {unknown}
Potions
 d - a potion of might
 l - a potion of degeneration {unknown}
 m - 2 potions of heal wounds {unknown}
 n - a potion of enlightenment {unknown}
 q - 2 potions of curing {unknown}
 v - 2 potions of attraction {unknown}
 z - a potion of lignification {unknown}
 B - a potion of brilliance {unknown}


   Skills:
 - Level 3.4 Fighting
 + Level 6.6 Maces & Flails
 - Level 2.8 Armour
 - Level 2.8 Shields


You had 6 spell levels left.
You didn't know any spells.
Your spell library contained the following spells:

 Spells                   Type           Power      Damage    Failure   Level
 Freeze                   Ice            0%         1d3       83%         1
 Sting                    Conj/Alch      0%         1d3       83%         1
 Mercury Vapours          Alch/Air       0%         N/A       92%         2
 Frozen Ramparts          Ice            0%         1d1       99%         3
 Hailstorm                Conj/Ice       0%         3d5       99%         3
 Summon Ice Beast         Ice/Summ       0%         N/A       99%         3
 Olgreb's Toxic Radiance  Alch           0%         N/A       100%        4
 Summon Mana Viper        Hex/Summ       0%         N/A       100%        5
 Sculpt Simulacrum        Ice/Alch       0%         N/A       100%        6
 Monstrous Menagerie      Summ           0%         N/A       100%        7


Dungeon Overview and Level Annotations

Branches:
Dungeon (4/15)
 Temple: D:4-7

Altars:
Gozag
Makhleb


Innate Abilities, Weirdness & Mutations

You are immune to poison.
You have sharp fingernails.
Your flesh is cold resistant. (rC+)
You are immune to negative energy. (rN+++)
You do not regenerate when monsters are visible.
You are immune to unholy pain and torment.
You thrive by killing the living.


Message History

The orc attacks as it pursues you! The orc closely misses you.
You barely miss the orc. You barely miss the orc. The orc barely misses you.
The orc throws a boomerang.
The boomerang hits you.
You closely miss the orc wizard.
The orc wizard is heavily wounded.
The orc hits you with a +0 flail!
The orc wizard hits you but does no damage.
You closely miss the orc. The orc hits you with a +0 flail.
The orc wizard hits you with a +0 dagger.
You closely miss the orc. The orc hits you with a +0 flail.
* * * LOW HITPOINT WARNING * * *
The orc wizard hits you but does no damage.
The orc hits you but does no damage.
You closely miss the orc wizard.
The orc wizard is heavily wounded.
The orc wizard hits you with a +0 dagger.
* * * LOW HITPOINT WARNING * * *
The orc hits you but does no damage.
You barely miss the orc wizard.
The orc wizard is heavily wounded.
The orc wizard hits you with a +0 dagger.
* * * LOW HITPOINT WARNING * * *
You block the orc's attack.
You hit the orc wizard but do no damage.
The orc wizard is heavily wounded.
The orc wizard hits you but does no damage.
The orc barely misses you.
You closely miss the orc wizard.
The orc wizard is heavily wounded.
The orc wizard closely misses you. The orc hits you with a +0 flail!
* * * LOW HITPOINT WARNING * * *
You closely miss the orc wizard.
The orc wizard is heavily wounded.
The orc wizard casts a spell at you.
You are confused.
The orc hits you with a +0 flail.
* * * LOW HITPOINT WARNING * * *
You're too confused to move!
The orc wizard hits you with a +0 dagger.
You die...

..#####..# #.#
..# ##.###.#
#.#####.....#
.####.
##...)......#
......
#######....###
#.....#
#.......#
.....#
##.###..##
..... ##.##
##..## ##o..#
##.## ###.##
#....# #..#
##.###o..#
#.## ##@#!...#
#..######
#oooo#.#
##......##
######.#
####..#####.##
# ...<..#
##.### ......#
##..## ......#
###.##
####..## ##.##
#.#.## ##.##
#.##.# ##.#
#.#### ###


You could see an orc wizard and 3 orcs.

Vanquished Creatures
  An ogre (D:4)
  A bullfrog (D:4)
  A scorpion (D:3)
  A hound (D:4)
  A bombardier beetle (D:4)
  An orc priest (D:4)
  An orc wizard (D:3)
  5 adders
  A gnoll (D:3)
  3 dart slugs
  3 ribbon worms
  10 orcs
  6 endoplasms
  2 giant cockroaches
  11 goblins
  3 hobgoblins
  2 quokkas (D:1)
  8 ball pythons (D:1)
  8 bats
  4 frilled lizards
  6 kobolds
  6 rats
85 creatures vanquished.

Notes
Turn   | Place    | Note
-------+----------+-------------------------------------------
     0 | D:1      | AlterAsc the Ghoul Fighter began the quest for the Orb.
     0 | D:1      | Reached XP level 1. HP: 19/19 MP: 1/1
   204 | D:1      | Reached XP level 2. HP: 15/26 MP: 2/2
   212 | D:1      | Reached skill level 2 in Maces & Flails
   985 | D:2      | Reached XP level 3. HP: 31/31 MP: 3/3
  1211 | D:2      | Found a faded altar of an unknown god.
  1252 | D:2      | Reached skill level 3 in Maces & Flails
  1540 | D:3      | Reached XP level 4. HP: 16/38 MP: 4/4
  2007 | D:3      | Found a burning altar of Makhleb.
  2033 | D:3      | Became a worshipper of Makhleb the Destroyer
  2059 | D:3      | Reached skill level 4 in Maces & Flails
  2125 | D:3      | Found an opulent altar of Gozag.
  2440 | D:3      | Reached XP level 5. HP: 45/45 MP: 5/5
  2694 | D:3      | Reached skill level 5 in Maces & Flails
  2706 | D:3      | Reached * piety under Makhleb
  2990 | D:4      | Reached XP level 6. HP: 17/51 MP: 6/6
  3131 | D:4      | Reached skill level 6 in Maces & Flails
  3325 | D:4      | Reached XP level 7. HP: 5/57 MP: 7/7
  3774 | D:4      | HP: 2/57 [orc/+0 flail (3)]
  3775 | D:4      | Slain by an orc wizard

Illustrated notes

Levels and vault maps discovered:
D:1:      dpeg_arrival_stonehenge_8_columns, layout_basic
D:2:      layout_rooms, shapermc_ecumenical_altar_petra
D:3:      minmay_razor_zed, layout_loops_corners,
          nicolae_gozag_cash_rules_everything_around_me,
          mainiacjoe_overflow_concentric_impassable
D:4:      layout_layer_cave, gammafunk_ghost_cemetery

Skill      XL: |  1  2  3  4  5  6 |
---------------+-------------------+-----
Maces & Flails | 2 3 4 5 6 |  6.6
Fighting       | |  3.4
Armour         | |  2.8
Shields        | |  2.8

Action                     |  1- 3 |  4- 6 |  7- 9 || total
---------------------------+-------+-------+-------++-------
  Melee: Flail             |   122 |   181 |    23 ||   326
  Throw: Javelin           |       |     2 |       ||     2
 Armour: Scale mail        |    99 |   169 |    29 ||   297
  Dodge: Dodged            |    45 |   111 |    10 ||   166
  Block: Buckler           |    23 |    42 |     4 ||    69
